 Dungeon Crawl Stone Soup version 0.20.1-1-g8b1a95d (webtiles) character file.

56 digijack the Ducker (level 3, -1/19 HPs)
             Began as a Spriggan Abyssal Knight on Nov 30, 2017.
             Was a Follower of Lugonu.
             Slain by Lanoc's ghost (3 damage)
             ... on level 3 of the Dungeon.
             The game lasted 00:08:47 (2490 turns).

digijack the Ducker (Spriggan Abyssal Knight)       Turns: 2490, Time: 00:08:48

Health: -1/19      AC:  2    Str:  6 (8)  XL:     3   Next: 69%
Magic:  5/5        EV: 19    Int: 13      God:    Lugonu [*.....]
Gold:   143        SH:  0    Dex: 15 (16) Spells: 2/2 levels left

rFire    . . .     SeeInvis +   a - +1 short sword
rCold    + . .     Gourm    .   (shield restricted)
rNeg     . . .     Faith    .   b - +0 robe
rPois    .         Spirit   .   (helmet restricted)
rElec    .         Reflect  .   (no cloak)
rCorr    .         Harm     .   (gloves unavailable)
MR       .....                  (boots unavailable)
Stlth    ++........             (no amulet)
Regen    0.1/turn               e - ring of protection from cold
MPRegen  0.1/turn               (no ring)

@: very quick
A: unfitting armour, see invisible, deterioration 1, herbivore 3, speed 3, slow
metabolism 2
a: Depart the Abyss, Renounce Religion


You were on level 3 of the Dungeon.
You worshipped Lugonu.
Lugonu was aware of your devotion.
You were not hungry.

You visited 1 branch of the dungeon, and saw 3 of its levels.
You visited the Abyss 1 time.

You collected 143 gold pieces.

Inventory:

Hand Weapons
 a - a +1 short sword (weapon)
Armour
 b - a +0 robe (worn)
Jewellery
 e - a ring of protection from cold (left hand)
Scrolls
 g - a scroll of identify
Comestibles
 c - 3 bread rations
 f - a fruit


   Skills:
 - Level 2.4 Fighting
 + Level 2.9 Short Blades
 + Level 4.2 Dodging
 + Level 3.4 Stealth
 + Level 2.1 Invocations


You had 2 spell levels left.
You didn't know any spells.

Dungeon Overview and Level Annotations

Branches:
Dungeon (3/15)

Altars:
Ashenzari
Nemelex Xobeh

Annotations:
D:3 Lanoc's ghost, amateur DENe


Innate Abilities, Weirdness & Mutations

You are very small and have problems with some larger weapons.
You are too small for most types of armour.
You have supernaturally acute eyesight. (SInv)
You are a herbivore.
You cover ground extremely quickly.
You need consume almost no food.
Your body sometimes deteriorates upon taking damage.


Message History

Lanoc's ghost hits you.
You hit Lanoc's ghost.
Lanoc's ghost is moderately damaged.
Lanoc's ghost closely misses you.
You hit Lanoc's ghost but do no damage.
Lanoc's ghost is moderately damaged.
Lanoc's ghost casts a spell at you.
You struggle to resist.
You barely miss Lanoc's ghost.
Lanoc's ghost is moderately damaged.
Lanoc's ghost casts a spell at you. Pain shoots through your body!
* * * LOW HITPOINT WARNING * * *
You hit Lanoc's ghost but do no damage.
Lanoc's ghost is moderately damaged.
Lanoc's ghost completely misses you.
You hit Lanoc's ghost but do no damage.
Lanoc's ghost is moderately damaged.
Lanoc's ghost hits you.
You die...

....... #.###......###
....... #...#...>#....
..... .###...<.......
.... ............### #.!
####.......# #
####..########......## #
#.........##.)..........
#.........##......##.###
#......@W.....##### .# #
#.............# .#
#..........####
#..........#
#####.####..# ... ##..#
..## #... .# ###


You could see Lanoc's ghost.

Vanquished Creatures
  2 adders (D:2)
  An ooze (D:1)
  A dart slug (D:2)
  A leopard gecko (D:1)
  2 ball pythons
  3 giant cockroaches
  2 goblins
  4 hobgoblins
  A bat (D:2)
  3 frilled lizards
  3 kobolds
  9 rats
32 creatures vanquished.

Notes
Turn   | Place    | Note
-------+----------+-------------------------------------------
     0 | Abyss:1  | digijack the Spriggan Abyssal Knight began the quest for the Orb.
     0 | Abyss:1  | Reached XP level 1. HP: 11/11 MP: 3/3
     0 | Abyss:1  | Found a snail-covered altar of Cheibriados.
    24 | Abyss:1  | Found a snail-covered altar of Cheibriados.
   100 | Abyss:1  | Noticed a neqoxec
   101 | Abyss:1  | Gained mutation: Your body sometimes deteriorates upon taking damage. [a neqoxec]
   102 | D:1      | Escaped the Abyss
   308 | D:1      | Reached skill level 1 in Stealth
   460 | D:1      | Reached XP level 2. HP: 16/16 MP: 4/4
   513 | D:1      | Reached * piety under Lugonu
  1320 | D:2      | Reached XP level 3. HP: 17/19 MP: 5/5
  1394 | D:2      | Reached skill level 4 in Dodging
  2023 | D:2      | Noticed an orc warrior
  2344 | D:3      | Noticed Lanoc's ghost (amateur DENe)
  2346 | D:3      | Found a sparkling altar of Nemelex Xobeh.
  2381 | D:3      | Found a shattered altar of Ashenzari.
  2490 | D:3      | Slain by Lanoc's ghost

Skill      XL: |  1  2  3 |
---------------+----------+-----
Stealth        | 1 2 3 |  3.4
Invocations    | 2 |  2.1
Dodging        | 4 |  4.2
Fighting       | |  2.4
Short Blades   | |  2.9

Action                   || total
-------------------------++-------
Melee: Short sword       ||   134
Invok: Depart the Abyss  ||     1
  Use: Scroll            ||     4
       Potion            ||     5
 Stab: Sleeping          ||     4
       Distracted        ||     1
Armor: Robe              ||     6
Dodge: Dodged            ||    80
